 Dungeon Crawl Stone Soup version 0.24.1-4-ge52af88ad5 (webtiles) character file.

Game seed: 45784858030469517, levelgen mode: deterministic

122096 Amplified the Brawler (level 16, -4/165 HPs)
             Began as a Troll Chaos Knight on Apr 12, 2020.
             Was a Plaything of Xom.
             Slain by a +3 dire flail of holy wrath (24 damage)
             ... on level 1 of the Elven Halls.
             The game lasted 00:47:06 (24935 turns).

Amplified the Brawler (Troll Chaos Knight)         Turns: 24935, Time: 00:47:07

Health: -4/165     AC: 15    Str: 30    XL:     16   Next: 33%
Magic:  32/32      EV: 17    Int:  5    God:    Xom [...*..]
Gold:   1578       SH:  0    Dex: 22    Spells: 20/26 levels left

rFire    + . .     SeeInvis .     - Unarmed
rCold    + + .     Gourm    +   (no shield)
rNeg     + + .     Faith    .   y - +1 robe "Mapeuxze" {rN+ MP+9 Dex+6 Stlth+}
rPois    +         Spirit   .   (helmet restricted)
rElec    .         Reflect  .   c - +2 ratskin cloak {+Rats rPois rN+ Str-1 Int-1 Dex+1}
rCorr    .         Harm     .   (gloves unavailable)
MR       ++...                  (boots unavailable)
Stlth    +++.......             I - amulet of regeneration
HPRegen  1.17/turn              q - ring "Mataen" {MR+ Stlth-}
MPRegen  0.23/turn              p - ring of protection from cold

@: about to teleport, radiating poison, studying Ice Magic, lightly drained
A: large, unfitting armour, claws 3, icy blue scales 1, molten scales 1,
camouflage 1, agile 2, cold resistance 1, deformed body, dopey 1, fire
resistance 1, fast metabolism 3, gourmand, sense surroundings 2, regeneration 1,
shaggy fur 2, strong 2, tough skin 3
a: Renounce Religion, Evoke Ratskin


You were on level 1 of the Elven Halls.
You worshipped Xom.
You were a favourite toy of Xom.
You were not hungry.

You visited 4 branches of the dungeon, and saw 24 of its levels.
You also visited: Ice Cave.

You collected 3419 gold pieces.
You spent 1841 gold pieces at shops.

Inventory:

Missiles
 i - 58 poisoned darts
 J - 11 large rocks (quivered)
Armour
 a - the +2 fire dragon scales "Siurun" {rF++ rC- MR- Int+8 SInv}
   (You found it on level 11 of the Dungeon)

   It affects your intelligence (+8).
   It greatly protects you from fire.
   It makes you vulnerable to cold.
   It affects your resistance to hostile enchantments.
   It lets you see invisible.
 c - the +2 ratskin cloak (worn) {+Rats rPois rN+ Str-1 Int-1 Dex+1}
   (You bought it in a shop on level 2 of the Orcish Mines)

   It affects your strength (-1).
   It affects your intelligence (-1).
   It affects your dexterity (+1).
   It protects you from poison.
   It protects you from negative energy.
 n - the -1 buckler of the Sun {Int+3, unknown}
   (You found it on level 14 of the Dungeon)

   It affects your intelligence (+3).
 y - the +1 robe "Mapeuxze" (worn) {rN+ MP+9 Dex+6 Stlth+}
   (You bought it in a shop on level 9 of the Dungeon)

   It affects your dexterity (+6).
   It protects you from negative energy.
   It affects your magic capacity (+9).
   It makes you more stealthy.
 U - the +1 cloak of Qazlal's Anger {Regen+ Int+5}
   (You found it on level 4 of the Lair of Beasts)

   It affects your intelligence (+5).
   It increases your rate of regeneration.
Jewellery
 f - an uncursed ring of positive energy
 l - an uncursed ring of protection from fire
 p - a ring of protection from cold (right claw)
 q - the ring "Mataen" (left claw) {MR+ Stlth-}
   (You found it on level 11 of the Dungeon)

   [ring of attention]

   It affects your resistance to hostile enchantments.
   It makes you less stealthy.
 A - an uncursed ring of flight
 I - an amulet of regeneration (around neck)
 N - an uncursed ring of protection from cold
 W - an uncursed ring of see invisible
Wands
 g - a wand of iceblast (22)
 r - a wand of disintegration (18)
 s - a wand of digging (14)
 C - a wand of acid (3)
 M - a wand of random effects (57)
 P - a wand of flame (27)
Scrolls
 j - 10 scrolls of remove curse
 k - 4 scrolls of amnesia
 o - 3 scrolls of teleportation
 v - a scroll of magic mapping
 O - 3 scrolls of fear
Potions
 d - 4 potions of flight
 e - 3 potions of brilliance
 w - 2 potions of magic
 H - 3 potions of curing
 Q - 3 potions of mutation
Books
 m - a manual of Ice Magic
Miscellaneous
 h - a lamp of fire
 u - a box of beasts
 E - a phantom mirror
Comestibles
 b - 52 rations


   Skills:
 * Level 12.2(12.0) Fighting
 - Level 10.8(10.6) Armour
 * Level 9.2(9.1) Dodging
 * Level 16.2(16.0) Unarmed Combat
 * Level 5.9(5.8) Spellcasting
 * Level 12.7(12.6) Ice Magic
 - Level 7.3(7.1) Evocations


You had 20 spell levels left.
You knew the following spells:

 Your Spells              Type           Power        Failure   Level  Hunger
a - Deflect Missiles      Chrm/Air       #.........   100%        6    #######

Your spell library contained the following spells:

 Spells                   Type           Power        Failure   Level  Hunger
 Ice Form                 Ice/Tmut       #.......     22%         4    #####..
 Ozocubu's Refrigeration  Ice            ##........   26%         6    #######
 Sandblast                Erth           #.....       30%         1    ##.....
 Shock                    Conj/Air       #...         30%         1    ##.....
 Passwall                 Tmut/Erth      #.......     41%         2    ###....
 Song of Slaying          Chrm           #.......     41%         2    ###....
 Swiftness                Chrm/Air       #.......     41%         2    ###....
 Throw Flame              Conj/Fire      #.....       41%         2    ###....
 Metabolic Englaciation   Hex/Ice        #.........   52%         5    ######.
 Dazzling Spray           Conj/Hex       #.....       65%         3    ####...
 Static Discharge         Conj/Air       #.......     65%         3    ####...
 Stone Arrow              Conj/Erth      #.....       65%         3    ####...
 Airstrike                Air            #.........   96%         4    #####..
 Leda's Liquefaction      Hex/Erth       #.........   96%         4    #####..
 Petrify                  Tmut/Erth      #.......     96%         4    #####..
 Bolt of Cold             Conj/Ice       #.........   98%         6    #######
 Simulacrum               Ice/Necr       #.........   98%         6    #######
 Bolt of Magma            Conj/Fire/Erth #.........   100%        5    ######.
 Lee's Rapid Deconstruct  Erth           #.........   100%        5    ######.
 Lightning Bolt           Conj/Air       #.........   100%        5    ######.
 Freezing Cloud           Conj/Ice/Air   #.........   100%        6    #######
 Iron Shot                Conj/Erth      #.........   100%        6    #######
 Statue Form              Tmut/Erth      #........    100%        6    #######
 Shatter                  Erth           #.........   100%        9    #######


Dungeon Overview and Level Annotations

Branches:
Dungeon (15/15)            Temple (0/1) D:7            Lair (6/6) D:10
 Shoals (0/4) Lair:3       Spider (0/4) Lair:2        Slime (0/5) Lair:6
    Orc (2/2) D:11            Elf (1/3) Orc:2        Vaults (0/5) D:14
 Depths (0/5) D:15          IceCv (visited)

Altars:
Cheibriados
Kikubaaqudgha
Makhleb
Nemelex Xobeh
Qazlal
Ru
Sif Muna
Xom
Yredelemnul
The Shining One
Beogh
Jiyva

Shops:
D:9 [   D:12 (%   Orc:1 [   Orc:2 (=:[}   Elf:1 (

Portals:
Desolation: Elf:1

Annotations:
Lair:2 exclusion: 4 oklob plants


Innate Abilities, Weirdness & Mutations

You are too large for most types of armour.
You have claws for hands.
Your metabolism is lightning-fast.
You like to eat raw meat.
Your natural rate of healing is unusually fast.
You are covered in thick fur. (AC +2)
You have extremely tough skin. (AC +3)
You are partially covered in icy blue scales. (AC +2)
You are partially covered in molten scales. (AC +2)
Your skin changes colour to match your surroundings (Stealth+).
You are very agile. (Dex +4)
Your flesh is cold resistant. (rC+)
Armour fits poorly on your strangely shaped body.
You are dopey. (Int -2)
Your flesh is heat resistant. (rF+)
You passively map the area around you.
Your muscles are very strong. (Str +4)


Message History

The bolt of negative energy hits the +3 dire flail of holy wrath.
The +3 dire flail of holy wrath completely resists.
The bolt of negative energy hits you. You partially resist.
You feel drained.
As you read the scroll of teleportation, it crumbles to dust.
You feel strangely unstable.
The +3 dire flail of holy wrath hits you.
* * * LOW HITPOINT WARNING * * *
The deep elf mage mumbles some strange words.
The +3 dire flail of holy wrath hits you!
* * * LOW HITPOINT WARNING * * *
The deep elf archer unwields a +0 short sword.
The deep elf archer wields a +0 shortbow.
The deep elf archer shoots an arrow.
The arrow hits you!!
* * * LOW HITPOINT WARNING * * *
Xom plays with reality for a moment.
You begin to radiate toxic energy.
The deep elf mage is poisoned. x2
The deep elf archer is poisoned.
The +3 dire flail of holy wrath hits you!!
You die...
Xom chortles!

...,,,,,+..e....,,,,,,*
.#*******,ee...^,,,,,,* .#
**.....,,,,,,** .## *#....,,,,,**
..# ##...,,,,,*+** ..#
##e.e#####***,** ..## #..#.+...#
**,**** ...#****#...)#.#.#
**,,,** ..#+*,,,+##'##.(@####
***,,**
###*,,,,,*#)ee#.#..?#****,,,*****
.# *,,,,,*#)#)e#..#.#,,,+,*,,**,*
.# *,,,,**#...#.#...#,,,*,,,,*,,,
## **,,,*#####...####,,,**+*+,,,,
# **+**#(.)#.#.#,,,*,*,,,*,,,,, #
*** #...#)..+,,,,*,,,,*,,,,>
####...##'##,,,*,*,,,*,,,⌠,
#..).#..))##+##,,,****,,,,,


You could see a deep elf archer, 2 deep elf magi and a +3 dire flail of holy
wrath.

Vanquished Creatures
  Rupert (D:14)
  Roxanne (D:14)
  A storm dragon (D:14)
  A tengu reaver (D:14)
  The ghost of Peloso the Peltast, a journeyman MiFi of Okawaru (Orc:2)
  An emperor scorpion (D:11)
  An entropy weaver (Lair:6)
  Nessos (Lair:4)
  A white draconian (IceCv)
  Snorg (D:12)
  A deep elf death mage (Elf:1)
  An ettin (Orc:2)
  A yaktaur captain (D:14)
  A great orb of eyes (D:11)
  Harold (D:7)
  Erolcha (D:12)
  2 hydras
  An ice dragon (Lair:6)
  5 centaur warriors
  4 catoblepae
  8 two-headed ogres
  A queen ant (Lair:4)
  3 dancing weapons (Elf:1)
  14 death yaks
  A deep troll shaman (Lair:6)
  A deep troll earth mage (D:14)
  A deep elf knight (Elf:1)
  2 skeletal warriors (D:15)
  4 unseen horrors
  A wizard (D:15)
  A death drake (Lair:5)
  A flayed ghost (D:15)
  A tengu zombie (D:15)
  3 orc knights
  14 deep elf magi
  7 orc sorcerers (Orc:2)
  6 ugly things
  2 cyclopes
  5 manticores
  A stone giant zombie (D:15)
  3 slime creatures (D:14)
  2 centaur zombies
  2 black mambas
  An ice statue (IceCv)
  19 elephants
  Psyche (D:11)
  A merfolk siren (Lair:3)
  A spiny frog (shapeshifter) (Lair:6)
  2 molten gargoyles (Lair:3)
  2 gargoyles
  2 rime drakes (Lair:6)
  4 centaur skeletons
  7 spiny frogs
  2 efreet (D:15)
  4 komodo dragons
  A tengu conjurer (D:14)
  A freezing wraith (D:14)
  5 kobold demonologists
  5 trolls
  13 polar bears
  A tyrant leech (Lair:5)
  A hornet (D:14)
  A deep troll zombie (D:15)
  16 blink frogs
  An ice dragon zombie (D:15)
  8 hippogriffs
  A centaur simulacrum (D:14)
  A water elemental (Elf:1)
  84 yaks
  A human (D:8)
  2 wraiths
  6 basilisks
  3 hogs (D:8)
  2 wyverns
  2 steam dragons
  3 hungry ghosts
  Menkaure (D:5)
  A vampire mosquito (D:11)
  4 soldier ants
  Edmund (D:4)
  7 wargs
  Duvessa (D:4)
  16 water moccasins
  7 porcupines
  3 ice beasts
  26 orc warriors
  A phantom (D:10)
  A sky beast (D:13)
  An eye of draining (shapeshifter) (D:11)
  11 ogres
  An ice beast (shapeshifter) (D:14)
  7 centaurs
  A boggart (D:14)
  20 wolves
  10 crocodiles
  6 big kobolds
  Blork the orc (D:5)
  16 bullfrogs
  2 wyvern zombies
  A wyvern skeleton (D:11)
  Dowan (D:4)
  6 scorpions
  A killer bee (D:11)
  2 electric eels (D:10)
  2 howler monkeys
  4 crimson imps
  5 lava snakes (Lair:3)
  3 bullfrog zombies
  41 orc wizards
  4 hounds
  20 orc priests
  5 jellies
  A bullfrog skeleton (D:13)
  2 iguanas
  Ijyb (D:5)
  4 hell rats (Lair:6)
  9 worker ants
  A hound zombie (D:5)
  2 hound skeletons
  14 gnolls
  A howler monkey skeleton (D:9)
  18 adders
  3 shadow imps
  8 oozes
  3 adder skeletons
  3 worms
  2 dart slugs
  4 leopard geckos
  89 orcs
  4 ball pythons
  7 bats
  9 giant cockroaches
  8 goblins
  4 hobgoblins
  8 jackals
  5 quokkas
  12 frilled lizards
  16 kobolds
  2 leopard gecko zombies
  A quokka zombie (D:8)
  6 rats
  A spectral orc (D:5)
  A fire vortex (D:14)
805 creatures vanquished.

Vanquished Creatures (collateral kills)
  A vault guard (D:14)
  A hydra (D:15)
  A two-headed ogre (Orc:1)
  A necromancer (D:15)
  3 deep elf magi (Elf:1)
  An ugly thing (D:14)
  An elephant (Lair:3)
  A komodo dragon (D:15)
  A troll (D:11)
  A slime creature (D:14)
  An eye of draining (shapeshifter) (D:14)
  A wolf (Lair:3)
  An orc wizard (D:5)
  A gnoll (D:5)
  An adder skeleton (D:9)
17 creatures vanquished.

Vanquished Creatures (others)
  A ghost moth (Lair:5)
  Prince Ribbit (D:7)
  3 blink frogs (Lair:4)
  A yak (Lair:4)
  4 wolves
  2 crocodiles (Lair:4)
  3 orc wizards
  28 fungi
  10 pillars of salt (Elf:1)
  34 plants
  2 withered plants (D:15)
89 creatures vanquished.

Grand Total: 911 creatures vanquished

Notes
Turn   | Place    | Note
-------+----------+-------------------------------------------
     0 | D:1      | Amplified the Troll Chaos Knight began the quest for the
                  | Orb.
     0 | D:1      | Reached XP level 1. HP: 22/22 MP: 0/0
    58 | D:1      | Reached XP level 2. HP: 29/29 MP: 1/1
   351 | D:1      | XOM: divination: detect items
   366 | D:1      | XOM: silly message
   376 | D:1      | XOM: silly message
   708 | D:2      | XOM: silly message
   709 | D:2      | Reached XP level 3. HP: 36/36 MP: 2/2
   728 | D:2      | XOM: butterfly on damage
   805 | D:2      | Reached XP level 4. HP: 45/45 MP: 3/3
   807 | D:2      | XOM: divination: detect creatures
   810 | D:2      | Reached skill level 1 in Armour
   855 | D:2      | XOM: divination: detect items
   895 | D:2      | Reached skill level 4 in Unarmed Combat
  1092 | D:2      | Reached XP level 5. HP: 53/53 MP: 4/4
  1329 | D:2      | XOM: medium Pois miscast
  1378 | D:2      | Found an ancient bone altar of Kikubaaqudgha.
  1979 | D:3      | Found a sacrificial altar of Ru.
  2012 | D:3      | You fall into a shaft and drop 1 floor!
  2018 | D:4      | XOM: smoke on damage
  2019 | D:4      | Reached XP level 6. HP: 44/62 MP: 5/5
  2166 | D:4      | Reached skill level 5 in Unarmed Combat
  2189 | D:4      | Noticed Duvessa
  2189 | D:4      | Noticed Dowan
  2193 | D:4      | XOM: noise
  2197 | D:4      | XOM: enchant monster (bad)
  2210 | D:4      | Killed Duvessa
  2210 | D:4      | Reached XP level 7. HP: 69/71 MP: 6/6
  2235 | D:4      | Killed Dowan
  2236 | D:4      | XOM: smoke on damage
  2590 | D:4      | Noticed Edmund
  2590 | D:4      | XOM: give mutations
  2590 | D:4      | Gained mutation: Armour fits poorly on your strangely
                  | shaped body. [Xom's mischief]
  2590 | D:4      | Gained mutation: You are dopey. (Int -2) [Xom's mischief]
  2590 | D:4      | Gained mutation: You are weak. (Str -2) [Xom's mischief]
  2600 | D:4      | XOM: divination: magic mapping
  2606 | D:4      | Killed Edmund
  3013 | D:3      | XOM is BORED!
  3193 | D:5      | Entered Level 5 of the Dungeon
  3221 | D:5      | Noticed Blork the orc
  3233 | D:5      | Killed Blork the orc
  3243 | D:5      | XOM: 4-stop teleportation journey
  3248 | D:5      | XOM: summons 3 friendly demons
  3256 | D:5      | Reached skill level 6 in Unarmed Combat
  3278 | D:5      | XOM: scenery: create altars
  3289 | D:5      | XOM: fake destruction
  3303 | D:6      | Reached skill level 5 in Fighting
  3397 | D:6      | XOM: scenery: create altars
  3409 | D:6      | Reached XP level 8. HP: 62/80 MP: 7/7
  3443 | D:5      | Found a glowing golden altar of the Shining One.
  3466 | D:6      | XOM: polymorph sky beast -> scorpion
  3559 | D:5      | Noticed Ijyb
  3571 | D:5      | Killed Ijyb
  3591 | D:5      | XOM: 2-stop teleportation journey
  3644 | D:5      | Found a basalt altar of Yredelemnul.
  3689 | D:5      | Reached skill level 1 in Evocations
  4127 | D:5      | Noticed Menkaure
  4133 | D:5      | Killed Menkaure
  4360 | D:6      | Reached skill level 7 in Unarmed Combat
  4486 | D:6      | Got a translucent mace
  4487 | D:6      | Identified the cursed +2 mace of the Heavens {crush, *Drain
                  | rPois rF+ rN++} (You found it on level 6 of the Dungeon)
  4776 | D:7      | Reached skill level 5 in Armour
  4776 | D:7      | Reached XP level 9. HP: 74/89 MP: 9/9
  4918 | D:7      | Noticed Prince Ribbit
  5038 | D:7      | XOM: 8-stop teleportation journey
  5054 | D:7      | XOM: fog
  5228 | D:7      | XOM: 1-stop teleportation journey
  5325 | D:7      | Noticed Harold
  5327 | D:7      | Found a staircase to the Ecumenical Temple.
  5328 | D:7      | Killed Prince Ribbit
  5343 | D:7      | XOM: smoke on damage
  5352 | D:7      | Killed Harold
  5352 | D:7      | Reached skill level 8 in Unarmed Combat
  5639 | D:7      | Found a stormy altar of Qazlal.
  5640 | D:7      | Found a snail-covered altar of Cheibriados.
  5684 | D:7      | Lost mutation: You are weak. (Str -2) [potion of mutation]
  5684 | D:7      | Lost mutation: You are dopey. (Int -2) [potion of mutation]
  5684 | D:7      | Gained mutation: You are dopey. (Int -2) [potion of
                  | mutation]
  5684 | D:7      | Gained mutation: You are agile. (Dex +2) [potion of
                  | mutation]
  5684 | D:7      | Gained mutation: You passively map a small area around you.
                  | [potion of mutation]
  5897 | D:8      | XOM: give mutations
  5897 | D:8      | Gained mutation: You are very agile. (Dex +4) [Xom's grace]
  5897 | D:8      | Gained mutation: You passively map the area around you.
                  | [Xom's grace]
  5911 | D:8      | Found a sparkling altar of Nemelex Xobeh.
  6078 | D:8      | Reached XP level 10. HP: 80/102 MP: 10/12
  6087 | D:8      | XOM: enchant monster (good)
  6947 | D:9      | Found Taygel's Antique Armour Emporium.
  6971 | D:9      | Bought a shimmering robe for 165 gold pieces
  6981 | D:9      | Identified the +1 robe "Mapeuxze" {rN+ MP+9 Dex+6 Stlth+}
                  | (You bought it in a shop on level 9 of the Dungeon)
  6994 | D:9      | XOM: 1-stop teleportation journey
  6995 | D:9      | Identified 2 scrolls of acquirement
  7218 | D:9      | Noticed a two-headed ogre
  7223 | D:9      | Killed a two-headed ogre
  7223 | D:9      | Reached skill level 9 in Unarmed Combat
  7223 | D:9      | Reached skill level 1 in Ice Magic
  7539 | D:10     | Entered Level 10 of the Dungeon
  7549 | D:10     | XOM: mild Ice miscast
  7640 | D:10     | Noticed a two-headed ogre
  7643 | D:10     | Noticed a deep elf mage
  7644 | D:10     | Found a shimmering blue altar of Sif Muna.
  7652 | D:10     | Killed a two-headed ogre
  7652 | D:10     | Killed a deep elf mage
  8046 | D:10     | XOM: fake destruction
  8048 | D:10     | XOM: noise
  8049 | D:10     | XOM: divination: magic mapping
  8052 | D:10     | XOM: polymorph yak -> soldier ant
  8056 | D:10     | Reached skill level 5 in Evocations
  8056 | D:10     | XOM: cleaving
  8064 | D:10     | XOM: fake destruction
  8071 | D:10     | Reached skill level 10 in Unarmed Combat
  8082 | D:10     | Reached XP level 11. HP: 64/111 MP: 13/13
  8104 | D:10     | Noticed a two-headed ogre
  8108 | D:10     | XOM: cast spell 'Cause Fear'
  8112 | D:10     | XOM: scenery: 1 doors open
  8129 | D:10     | Killed a two-headed ogre
  8220 | D:10     | Found a staircase to the Lair.
  8378 | D:9      | XOM: give mutations
  8378 | D:9      | Gained mutation: You are partially covered in icy blue
                  | scales. (AC +2) [Xom's grace]
  8378 | D:9      | Gained mutation: Your flesh is cold resistant. (rC+) [Xom's
                  | grace]
  8384 | D:10     | XOM: repel stairs
  8627 | D:10     | Killed an unseen horror
  8890 | D:10     | XOM: confuse monster(s)
  8895 | D:10     | XOM: polymorph yak -> basilisk
  8918 | D:10     | XOM: scenery: 1 doors close
  8937 | D:10     | Reached skill level 5 in Ice Magic
  9000 | D:10     | XOM: mild Hex miscast
  9203 | D:11     | XOM: cast spell 'Call Canine Familiar'
  9221 | D:11     | Reached skill level 11 in Unarmed Combat
  9344 | D:11     | Got a warped golden ring
  9346 | D:11     | Identified the ring "Mataen" {MR+ Stlth-} (You found it on
                  | level 11 of the Dungeon)
  9350 | D:11     | Noticed a four-headed hydra
  9352 | D:11     | Noticed a six-headed hydra
  9378 | D:11     | XOM: enchant monster (good)
  9442 | D:11     | Identified Vinaffi's Volume of Assistive Confrontation
  9620 | D:11     | Noticed Psyche
  9622 | D:11     | XOM: summons 4 friendly demons
  9645 | D:11     | Killed Psyche
  9748 | D:11     | Identified the +2 fire dragon scales "Siurun" {rF++ rC- MR-
                  | Int+8 SInv}
  9750 | D:11     | Noticed an eight-headed hydra
  9760 | D:11     | XOM: polymorph centaur -> jelly
  9930 | D:12     | XOM: divination: detect creatures
  9947 | D:12     | Killed an unseen horror
  9947 | D:12     | Reached skill level 10 in Armour
 10022 | D:12     | Found Akequsimp's Antique Weapon Shoppe.
 10074 | D:12     | Learned a level 6 spell: Deflect Missiles
 10109 | D:12     | Noticed a brown ugly thing
 10185 | D:12     | Found Sapt's Food Shop.
 10190 | D:12     | Bought a ration for 70 gold pieces
 10190 | D:12     | Bought a ration for 70 gold pieces
 10190 | D:12     | Bought a ration for 70 gold pieces
 10190 | D:12     | Bought a ration for 70 gold pieces
 10190 | D:12     | Bought a ration for 70 gold pieces
 10190 | D:12     | Bought a ration for 70 gold pieces
 10190 | D:12     | Bought a ration for 70 gold pieces
 10190 | D:12     | Bought a ration for 70 gold pieces
 10247 | D:12     | Killed a brown ugly thing
 10354 | D:12     | XOM: scenery: 2 doors close
 10361 | D:12     | Noticed a two-headed ogre
 10367 | D:12     | Killed a two-headed ogre
 10367 | D:12     | Reached XP level 12. HP: 87/122 MP: 15/15
 10503 | D:12     | Noticed Erolcha
 10512 | D:12     | Killed Erolcha
 10569 | D:12     | Noticed Snorg
 10570 | D:12     | Noticed a two-headed ogre
 10577 | D:12     | Killed Snorg
 10577 | D:12     | Reached skill level 12 in Unarmed Combat
 10585 | D:12     | Killed a two-headed ogre
 10796 | D:12     | XOM: harmless Erth miscast
 11015 | Lair:1   | Entered Level 1 of the Lair of Beasts
 11072 | Lair:1   | XOM: noise
 11156 | Lair:1   | XOM: divination: detect items
 11162 | Lair:1   | XOM: destruction
 11438 | Lair:1   | XOM: harmless Fire miscast
 11530 | Lair:1   | XOM: cleaving
 11675 | Lair:1   | XOM: scenery: create altars
 11983 | Lair:2   | Found a hole to the Spider Nest.
 12271 | Lair:2   | XOM: enchant monster (bad)
 12553 | Lair:2   | XOM: scenery: create altars
 12778 | Lair:2   | XOM: cloud trail
 12906 | Lair:3   | XOM: god gift: copper ring {god gift}
 12931 | Lair:3   | XOM: summons friendly shadow imp
 12943 | Lair:3   | XOM: destruction
 13062 | Lair:3   | XOM: smoke on damage
 13063 | Lair:3   | XOM: cast spell 'Cause Fear'
 13064 | Lair:3   | XOM: divination: detect items
 13065 | Lair:3   | XOM: cleaving
 13069 | Lair:3   | Found a staircase to the Shoals.
 13070 | Lair:3   | XOM: potion effect (haste)
 13071 | Lair:3   | XOM: smoke on damage
 13081 | Lair:3   | Reached skill level 13 in Unarmed Combat
 13157 | Lair:3   | XOM: 2-stop teleportation journey
 13165 | Lair:3   | XOM: divination: detect creatures
 13324 | Lair:3   | Reached XP level 13. HP: 128/131 MP: 17/17
 13733 | Lair:3   | XOM: god gift: long sword {god gift}
 13865 | Lair:4   | Found a frozen archway.
 13867 | Lair:4   | Got a faintly humming cloak
 13868 | Lair:4   | Identified the +1 cloak of Qazlal's Anger {Regen+ Int+5}
                  | (You found it on level 4 of the Lair of Beasts)
 13893 | IceCv    | Entered an ice cave
 13903 | IceCv    | XOM: cleaving
 13939 | IceCv    | XOM: destruction
 13967 | IceCv    | XOM: enchant monster (good)
 14042 | IceCv    | Reached skill level 5 in Dodging
 14042 | IceCv    | Reached skill level 1 in Spellcasting
 14203 | IceCv    | XOM: confuse monster(s)
 14253 | IceCv    | Noticed a white draconian
 14269 | IceCv    | Reached skill level 10 in Fighting
 14292 | IceCv    | XOM: enchant monster (good)
 14298 | IceCv    | Killed a white draconian
 14318 | IceCv    | Reached skill level 14 in Unarmed Combat
 14384 | Lair:4   | XOM: god gift: 550 gold pieces
 14489 | Lair:4   | Noticed Nessos
 14490 | Lair:4   | XOM: cast spell 'Summon Butterflies'
 14495 | Lair:4   | XOM: polymorph butterfly -> leopard gecko
 14514 | Lair:4   | Killed Nessos
 14592 | Lair:4   | XOM: scenery: create altars
 14634 | Lair:4   | XOM: cast spell 'Summon Mana Viper'
 14646 | Lair:4   | XOM: swap monsters
 14649 | Lair:4   | XOM: destruction
 14650 | Lair:4   | XOM: stat loss: -1 Str (25/26)
 14703 | Lair:4   | XOM: silly message
 14810 | Lair:4   | XOM: polymorph seven-headed hydra -> queen ant
 14941 | Lair:4   | XOM: mild Summ miscast
 14976 | Lair:4   | XOM: mild Pois miscast
 15096 | Lair:4   | XOM: summons 1 hostile shadow creature
 15105 | Lair:4   | XOM: confuse monster(s)
 15106 | Lair:4   | XOM: harmless Erth miscast
 15576 | Lair:5   | XOM: harmless Chrm miscast
 15607 | Lair:5   | XOM: cloud trail
 15798 | Lair:5   | XOM: enchant monster (bad)
 15824 | Lair:5   | XOM: blink monster(s)
 15838 | Lair:5   | XOM: polymorph komodo dragon -> death drake
 15848 | Lair:5   | XOM: enchant monster (bad)
 15851 | Lair:5   | Killed a ghost moth
 15959 | Lair:5   | XOM: medium Tloc miscast
 16124 | Lair:5   | XOM: 8-stop teleportation journey
 16208 | Lair:5   | Reached XP level 14. HP: 120/144 MP: 18/18
 16379 | Lair:5   | XOM: divination: detect items
 16411 | Lair:6   | Entered Level 6 of the Lair of Beasts
 16428 | Lair:6   | XOM: cleaving
 16460 | Lair:6   | XOM: enchant monster (good)
 16583 | Lair:6   | XOM: give mutations
 16583 | Lair:6   | Gained mutation: You are covered in thick fur. (AC +2)
                  | [Xom's grace]
 16583 | Lair:6   | Gained mutation: Your muscles are strong. (Str +2) [Xom's
                  | grace]
 16602 | Lair:6   | XOM: scenery: create altars
 16610 | Lair:6   | Reached skill level 10 in Ice Magic
 16633 | Lair:6   | XOM: harmless Chrm miscast
 16643 | Lair:6   | XOM: confusion (+ monsters)
 16666 | Lair:6   | XOM: 1-stop teleportation journey
 16667 | Lair:6   | XOM: harmless Conj miscast
 16737 | Lair:6   | XOM: swap monsters
 16828 | Lair:6   | XOM: mild Hex miscast
 16858 | Lair:6   | Noticed an entropy weaver
 16858 | Lair:6   | a four-headed hydra changed into an entropy weaver
 16864 | Lair:6   | Killed an entropy weaver
 17036 | Lair:6   | XOM: destruction
 17189 | Lair:6   | Reached skill level 15 in Unarmed Combat
 17291 | Lair:6   | XOM: cast spell 'Summon Butterflies'
 17552 | Lair:6   | XOM: polymorph elephant -> shapeshifter
 17801 | Lair:6   | Found a runed translucent door.
 17801 | Lair:6   | Found a viscous altar of Jiyva.
 17801 | Lair:6   | Found a staircase to the Slime Pits.
 17875 | Lair:5   | XOM: summons 4 hostile demons
 18186 | D:11     | Noticed an emperor scorpion
 18186 | D:11     | a six-headed hydra changed into an emperor scorpion
 18192 | D:11     | Found a staircase to the Orcish Mines.
 18201 | D:11     | Killed an emperor scorpion
 18205 | D:11     | XOM: god gift: 15 gold pieces
 18231 | D:11     | XOM: potion effect (agility)
 18428 | D:11     | XOM: divination: detect creatures
 18688 | Orc:1    | Entered Level 1 of the Orcish Mines
 18788 | Orc:2    | Entered Level 2 of the Orcish Mines
 18804 | Orc:2    | Found a runed translucent gate.
 18804 | Orc:2    | Found a runed translucent gate.
 18816 | Orc:2    | Found a runed translucent gate.
 18883 | Orc:2    | XOM: confuse monster(s)
 18886 | Orc:2    | Noticed Peloso's ghost (journeyman MiFi)
 18920 | Orc:2    | Found a staircase to the Elven Halls.
 18920 | Orc:2    | XOM: 3-stop teleportation journey
 18944 | Orc:2    | Reached XP level 15. HP: 153/153 MP: 20/20
 18993 | Orc:2    | XOM: scenery: create altars
 19427 | Orc:2    | Found Liaryci's Gadget Emporium.
 19435 | Orc:2    | Bought a lamp of fire for 560 gold pieces
 19473 | Orc:2    | Found Zudghack's Book Boutique.
 19510 | Orc:2    | Found Ussazxoj's Antique Armour Emporium.
 19551 | Orc:2    | XOM: cloud trail
 19559 | Orc:2    | Found a roughly hewn altar of Beogh.
 19567 | Orc:2    | Found Joom's Jewellery Emporium.
 19567 | Orc:2    | Found Xuezacvo's Weapon Boutique.
 19620 | Orc:2    | Bought the +2 ratskin cloak {+Rats rPois rN+ Str-1 Int-1
                  | Dex+1} for 556 gold pieces
 19620 | Orc:2    | Found the +2 ratskin cloak {+Rats rPois rN+ Str-1 Int-1
                  | Dex+1}
 19672 | Orc:2    | XOM: god gift: runed brass amulet {god gift}
 19729 | Orc:2    | XOM: enchant monster (good)
 19768 | Orc:2    | XOM: silly message
 19774 | Orc:2    | XOM: confuse monster(s)
 19775 | Orc:2    | XOM: cleaving
 19777 | Orc:2    | XOM: god gift: 18 gold pieces
 20070 | Orc:2    | XOM: smoke on damage
 20140 | Orc:1    | XOM: give mutations
 20140 | Orc:1    | Gained mutation: Your skin changes colour to match your
                  | surroundings (Stealth+). [Xom's grace]
 20140 | Orc:1    | Gained mutation: Your muscles are very strong. (Str +4)
                  | [Xom's grace]
 20140 | Orc:1    | Gained mutation: You are partially covered in molten
                  | scales. (AC +2) [Xom's grace]
 20140 | Orc:1    | Gained mutation: Your flesh is heat resistant. (rF+) [Xom's
                  | grace]
 20142 | Orc:1    | Found Zon Zira's Antique Armour Boutique.
 20186 | Orc:1    | Found a burning altar of Makhleb.
 20392 | Orc:1    | XOM: harmless Chrm miscast
 20590 | D:13     | XOM: 3-stop teleportation journey
 20634 | D:13     | XOM: summons 6 friendly demons
 21248 | D:14     | XOM: harmless Air miscast
 21333 | D:14     | XOM: summons 4 friendly demons
 21335 | D:14     | XOM: polymorph crimson imp -> quasit
 21366 | D:15     | Entered Level 15 of the Dungeon
 21538 | D:15     | XOM: noise
 21575 | D:15     | XOM: harmless Necr miscast
 21830 | D:15     | Found a staircase to the Depths.
 21850 | D:15     | XOM: smoke on damage
 21861 | D:15     | Reached skill level 5 in Spellcasting
 21995 | D:15     | XOM: smoke on damage
 21996 | D:15     | XOM: potion effect (invisibility)
 22186 | D:15     | XOM: mild Tmut miscast
 22196 | D:15     | XOM: confuse monster(s)
 22313 | D:15     | XOM: silly message
 22639 | D:14     | Noticed Rupert
 22641 | D:14     | XOM: mild Air miscast
 22648 | D:14     | Killed Rupert
 22797 | D:14     | XOM: chaos cloud
 22837 | D:14     | XOM: summons 1 hostile shadow creature
 22853 | D:14     | XOM: draining
 22858 | D:14     | XOM: summons 7 hostile demons
 23019 | D:14     | XOM: chaos upgrade
 23036 | D:14     | XOM: noise
 23070 | D:14     | XOM: 3-stop teleportation journey
 23086 | D:14     | Found a roughly hewn altar of Beogh.
 23270 | D:14     | Noticed Roxanne
 23284 | D:14     | Killed Roxanne
 23449 | D:14     | XOM: harmless Hex miscast
 23452 | D:14     | XOM: noise
 23460 | D:14     | XOM: blink monster(s)
 23479 | D:14     | XOM: polymorph jumping spider -> shapeshifter
 23480 | D:14     | XOM: cast spell 'Summon Dragon'
 23483 | D:14     | XOM: destruction
 23700 | D:14     | Reached XP level 16. HP: 150/165 MP: 23/23
 23721 | D:14     | Found a gate to the Vaults.
 23755 | D:14     | XOM: mild Fire miscast
 23804 | D:14     | XOM: summons 8 hostile demons
 23880 | D:14     | Found a runed translucent door.
 23881 | D:14     | Noticed a storm dragon
 23920 | D:14     | Reached skill level 16 in Unarmed Combat
 23985 | D:14     | XOM: summons friendly quasit
 24137 | D:14     | Killed a storm dragon
 24144 | D:14     | Got a brightly glowing buckler
 24283 | D:14     | XOM: cloud trail
 24401 | Orc:2    | XOM: summons friendly crimson imp
 24406 | Orc:2    | XOM: potion effect (brilliance)
 24409 | Orc:2    | XOM: summons 16 friendly demons
 24415 | Orc:2    | Killed Peloso's ghost
 24477 | Orc:2    | XOM: harmless Conj miscast
 24635 | Elf:1    | Entered Level 1 of the Elven Halls
 24651 | Elf:1    | Found Zal Sucu's Weapon Shoppe.
 24740 | Elf:1    | Found a ruined gateway.
 24811 | Elf:1    | XOM: cast spell 'Statue Form'
 24831 | Elf:1    | XOM: confuse monster(s)
 24881 | Elf:1    | XOM: mild Pois miscast
 24915 | Elf:1    | XOM: enchant monster (good)
 24935 | Elf:1    | XOM: cast spell 'Olgreb's Toxic Radiance'
 24935 | Elf:1    | Slain by a +3 dire flail of holy wrath

Levels and vault maps discovered:
D:1:      dpeg_arrival_houses_and_road, layout_basic
D:2:      layout_basic, kiku_gazebo_garden_becter
D:3:      layout_loops_ring, first_ration, nicolae_ru_path_of_blood
D:4:      layout_basic, uniq_duvessa, uniq_edmund
D:5:      layout_loops_ring, yredelemnul_forgotten_temple_becter,
          nicolae_overflow_hidden_temple, minmay_manual_mess, uniq_menkaure,
          uniq_blork_the_orc, uniq_ijyb
D:6:      layout_rooms, chequers_decorated_corner
D:7:      layout_loops_ring, gammafunk_temple_overflow_statue, temple_doors_cd,
          uniq_harold, uniq_prince_ribbit1
D:8:      layout_basic, lemuel_crystal_altar, grunt_livestock, minivault_4
D:9:      layout_basic, serial_shops, nicolae_shop_competitors_out_of_business,
          amethyst_killhole
D:10:     layout_roguey, grunt_lair_entry_orc_guard_hut,
          small_chamber_with_monster, kennysheep_diamond, kennysheep_path_1,
          minmay_fractal_squares_diagonal_5
D:11:     minmay_the_grid_four_pointed_star
          [minmay_the_grid_triangle_9x9_minimal,
          minmay_the_grid_triangle_9x9_negative_grid,
          minmay_the_grid_triangle_9x9_pentomino_pain,
          minmay_the_grid_triangle_9x9_skeleton,
          minmay_the_grid_prize_four_corners_diamond_a], layout_basic,
          uniq_psyche
D:12:     layout_gridville, serial_shops, nicolae_shop_behind_doors,
          nicolae_shop_trees, uniq_snorg, uniq_erolcha
D:13:     layout_loops_cross
D:14:     layout_long_grid, david_vaults_5, special_room [special_room_orc],
          kennysheep_minor_cross, minmay_hidden_floor, uniq_rupert, uniq_roxanne
D:15:     gammafunk_depths_entry_grave, layout_loops_ring,
          minmay_misc_feat_tower
Lair:1:   layout_cave_pods
Lair:2:   layout_regular_city, nicolae_spider_entry_non_spiders,
          chequers_serial_rivers_micro_a, chequers_serial_rivers_micro_c,
          minmay_lair_oklob_chamber, serial_bayou_shore_b
Lair:3:   cheibrodos_magma_flow, layout_layer_cave,
          minmay_shoals_entry_lonely_mermaid, cheibrodos_lair_reptile_den
Lair:4:   layout_cave_pods, portal_ice_cave_entry_pillars_1,
          nicolae_lair_yak_garden, grunt_megastairs_3, uniq_nessos
Lair:5:   layout_hall_layers, grunt_forest_stairs_basic
Lair:6:   grunt_lair_end_beastmaster, layout_loops_ring, slime_altar_2,
          chequers_serial_rivers_room_a
Orc:1:    layout_caves, basic_altar, serial_shops, shop, nicolae_orc_rockfall
Orc:2:    st_orc_town, layout_caves, gammafunk_ghost_split, serial_shops, shop
Elf:1:    layout_geoelf_octagon, serial_shops, shop,
          portal_desolation_entry_garden, hangedman_elven_crosses_minicolossus

Skill      XL: |  1  2  3  4  5  6  7  8  9 10 11 12 13 14 15 16 |
---------------+-------------------------------------------------+-----
Dodging        | 2 3 4 6 7 8 9 |  9.2
Fighting       | 3 4 5 6 7 8 9 10 11 12 | 12.2
Armour         | 1 2 5 7 8 10 | 10.8
Unarmed Combat | 4 5 6 7 8 10 11 13 14 15 16 | 16.2
Evocations     | 2 4 5 6 7 |  7.3
Ice Magic      | 3 6 8 9 11 12 | 12.7
Spellcasting   | 2 4 5 |  5.9

Action                   |  1- 3 |  4- 6 |  7- 9 | 10-12 | 13-15 | 16-18 || total
-------------------------+-------+-------+-------+-------+-------+-------++-------
Melee: Unarmed           |    74 |   166 |   305 |   548 |  1318 |   146 ||  2557
       Punch             |     1 |     2 |     9 |    59 |   178 |    16 ||   265
Throw: Throwing net      |       |       |       |       |     1 |       ||     1
       Large rock        |       |       |       |       |     2 |     1 ||     3
Evoke: Wand              |       |       |    10 |    14 |    44 |       ||    68
       Phantom mirror    |       |       |       |     1 |       |     1 ||     2
       Box of beasts     |       |       |       |       |     2 |       ||     2
       Lamp of fire      |       |       |       |       |     3 |       ||     3
  Use: Scroll            |     3 |     5 |    12 |    16 |    22 |     2 ||    60
       Potion            |       |     2 |     6 |     6 |    16 |     4 ||    34
 Stab: Sleeping          |       |     1 |       |     9 |    11 |     2 ||    23
       Paralysed         |       |       |       |     2 |       |       ||     2
       Distracted        |       |       |       |     1 |     4 |     1 ||     6
       Petrified         |       |       |       |       |    16 |       ||    16
       Confused          |       |       |       |       |     6 |       ||     6
       Petrifying        |       |       |       |       |     3 |       ||     3
       Invisible         |       |       |       |       |     4 |       ||     4
  Eat: Chunk             |    10 |    16 |    35 |    69 |    99 |     3 ||   232
Armor: Robe              |    34 |    81 |    88 |   143 |   384 |    27 ||   757
       Skin              |       |       |       |     8 |       |    15 ||    23
Dodge: Dodged            |    30 |    89 |   165 |   264 |   795 |    63 ||  1406
